Construct Infanterie Kompanie
Selects Luftwaffe Battlegroup
Selects Luftwaffe Pioneer Support
Fallschirmpioneer Squad Paradrop
Selects Stuka Strafing Run
Construct Luftwaffe Kompanie
Luftwaffe Officer Quarters
Construct Panzergrenadier Kompanie
Nebelwerfer 42 Rocket Launcher Team
Selects Fallschirmjäger Squad Paradrop
Nebelwerfer 42 Rocket Launcher Team
Construct Panzer Kompanie
Fallschirmpioneer Squad Paradrop
Fallschirmpioneer Squad Paradrop
Selects LG40 Recoilless Gun Paradrop
Selects Infantry Reserves
Fallschirmpioneer Squad Paradrop
Fallschirmjäger Squad Paradrop
Panzergrenadier Officer Quarters
Fallschirmpioneer Squad Paradrop
Fallschirmpioneer Squad Paradrop
Pak 40 Anti-tank Gun Team
Fallschirmpioneer Squad Paradrop